 Dungeon Sprint DCSS version 0.30-a0-715-gdb4ae3ece1 (webtiles) character file.

Game seed: 4733574399707102255

12 rocky1 the Basher (level 4, -3/61 HPs)
             Began as a Minotaur Gladiator on Jan 24, 2023.
             Was an Initiate of Gozag.
             Slain by an orc warrior
             ... wielding a +0 long sword
              (9 damage)
             ... in the Dungeon (Sprint VI: "Thunderdome").
             The game lasted 00:01:29 (186 turns).

rocky1 the Basher (Minotaur Gladiator)               Turns: 186, Time: 00:01:30

Health: -3/61      AC:  8    Str: 20    XL:     4   Next: 96%
Magic:  3/3        EV:  9    Int:  5    God:    Gozag
Gold:   364        SH:  0    Dex: 12    Spells: 3/3 levels left

rFire   . . .      SeeInvis .    a - +0 flail
rCold   . . .      Faith    .    (no shield)
rNeg    . . .      Spirit   .    p - +0 chain mail
rPois   .          Reflect  .    c - +0 hat
rElec   .          Harm     .    (no cloak)
rCorr   .          Rampage  .    (no gloves)
Will    .....      NoTele   +    (no boots) Stlth
                                 (no amulet)
HPRegen 0.30/turn                (no ring)
MPRegen 0.08/turn                (no ring)

@: berserking, gold aura, very quick
A: horns 2, retaliatory headbutt
a: Renounce Religion, Potion Petition, Call Merchant, Bribe Branch


You were in the Dungeon.
You worshipped Gozag.
Gozag was aware of your devotion.
You visited 1 branch You collected 364 gold pieces.

Inventory:

Hand Weapons
 a - a +0 flail (weapon)
Missiles
 d - 3 throwing nets (quivered)
 e - a javelin
Armour
 b - a +0 leather armour
 c - a +0 hat (worn)
 p - a +0 chain mail (worn)
Wands
 m - a wand of acid (5)
 n - a wand of iceblast (5)
Scrolls
 k - 4 scrolls of blinking
 o - 3 scrolls of fog
Potions
 f - a potion of curing
 g - 3 potions of heal wounds
 h - 4 potions of haste
 i - 2 potions of magic
 l - 2 potions of resistance


   Skills:
 + Level 4.9 Fighting
 + Level 8.3 Maces & Flails
 + Level 3.9 Throwing
 + Level 2.0 Armour
 + Level 6.7 Dodging
 + Level 0.6 Stealth


You had 3 spell levels left.
You didn't know any spells.
Your spell library was empty.

Dungeon Overview and Level Annotations

Branches:
Dungeon (1/1)

Altars:
Cheibriados
Dithmenos
Fedhas
Gozag
Kikubaaqudgha
Makhleb
Okawaru
Qazlal
Ru
Sif Muna
Trog
Uskayaw
Vehumet
Wu Jian
Xom
Yredelemnul
Zin
The Shining One
Lugonu

Shops:
D *[??*?*:[((!!!!


Innate Abilities, Weirdness & Mutations

You have a pair of horns on your head.
You reflexively headbutt those who attack you in melee.


Message History

Unknown command.
d - 2 throwing nets (gained 1)
d - 3 throwing nets (gained 1)
You start waiting.
Get ready!
ROUND 2!
FIGHT!
An orc warrior comes into view. It is wielding a +0 scimitar.
The orc warrior shouts!
An orc warrior comes into view. It is wielding a +0 long sword.
A red film seems to cover your vision as you go berserk!
You feel yourself moving faster!
You feel mighty!
The orc warrior hits you with a +0 scimitar!
You thump the orc warrior!
The orc warrior is heavily wounded.
You barely miss the orc warrior.
The orc warrior is heavily wounded.
The orc warrior hits you with a +0 scimitar!
You closely miss the orc warrior.
The orc warrior is heavily wounded.
The orc warrior hits you with a +0 scimitar!
You hit the orc warrior.
The orc warrior is heavily wounded.
The orc warrior hits you with a +0 scimitar!
* * * LOW HITPOINT WARNING * * *
You sock the orc warrior!
You kill the orc warrior!
Your Fighting skill increases to level 4!
Your Maces & Flails skill gained 3 levels and is now at level 8!
Your Armour skill gained 2 levels and is now at level 2!
Your Dodging skill increases to level 6!
You have reached level 4!
You feel agile.
You feel a strong urge to attack something.
You closely miss the orc warrior. You headbutt the orc warrior!
The orc warrior is moderately wounded.
You barely miss the orc warrior.
The orc warrior is moderately wounded.
The orc warrior hits you with a +0 long sword!
You die...
Your body crumbles into a pile of gold.

#⌠...........⌠#
######.8.........8.######
#.___......###......___∩##
∩........8.# #.8........∩###
...........###.............#
........###...###..........⌠
........# #.<.# #..........⌠
........###...###..........⌠
...........###$o@..........#
∩........8.# #.8........∩###
#∩___......###......_._∩##
######.8.........8.######
#⌠..†........⌠#
###.).......### #_......._#
#_......._# #_).......#


You could see an orc warrior.

Vanquished Creatures
  An orc warrior (D)
  Terence (D)
  An adder (D)
  A ball python (D)
  A goblin (D)
  A rat (D)
6 creatures vanquished.

Notes
Turn   | Place    | Note
-------+----------+-------------------------------------------
     0 | D        | rocky1 the Minotaur Gladiator began the quest for the Orb.
     0 | D        | Reached XP level 1. HP: 18/18 MP: 0/0
     3 | D        | Found a shimmering altar of Xom.
     4 | D        | Found a hide-covered altar of Uskayaw.
     5 | D        | Found a basalt altar of Yredelemnul.
     5 | D        | Round 1.
     6 | D        | Found a sacrificial altar of Ru.
     6 | D        | Found an iron altar of Okawaru.
     6 | D        | Found Caic's Magic Scroll Shop.
     6 | D        | Found Pirano's Staff Store.
     7 | D        | Found Mucvadd's Magic Scroll Shop.
     7 | D        | Found Fuepn's Must-Have Magic.
     9 | D        | Found a corrupted altar of Lugonu.
    11 | D        | Found a bloodstained altar of Trog.
    11 | D        | Found a burning altar of Makhleb.
    11 | D        | Found a glowing silver altar of Zin.
    11 | D        | Found Dooj's Identification Station.
    12 | D        | Found Jilogona's Jewellery.
    12 | D        | Found Vofauxt's Advanced Armour.
    16 | D        | Found an ancient bone altar of Kikubaaqudgha.
    17 | D        | Found a radiant altar of Vehumet.
    18 | D        | Found an opulent altar of Gozag.
    19 | D        | Found an ornate altar of the Wu Jian Council.
    19 | D        | Found a blossoming altar of Fedhas.
    19 | D        | Found Wuarumn's Premium Goods.
    19 | D        | Found Deuhif's Weapon Rack.
    20 | D        | Found Gusi's Miscellaneous Merchandise.
    20 | D        | Found Buef's Basic Armour.
    29 | D        | Found a shadowy altar of Dithmenos.
    31 | D        | Found a glowing golden altar of the Shining One.
    32 | D        | Found Jaliobywn's Do-It-Yourself Clinic.
    33 | D        | Found Boats's Bottled Wisdom.
    33 | D        | Found Uxze Voy's Distillery.
    33 | D        | Found a stormy altar of Qazlal.
    33 | D        | Found a shimmering blue altar of Sif Muna.
    33 | D        | Found a snail-covered altar of Cheibriados.
    33 | D        | Found Noulorim's Distillery.
    43 | D        | Noticed Terence
    48 | D        | Reached skill level 4 in Maces & Flails
    48 | D        | Reached XP level 2. HP: 7/25 MP: 1/1
    69 | D        | Became a worshipper of Gozag Ym Sagoz the Greedy
    74 | D        | Killed Terence
    75 | D        | Reached skill level 5 in Maces & Flails
    75 | D        | Reached skill level 5 in Dodging
    75 | D        | Reached XP level 3. HP: 31/31 MP: 2/2
    78 | D        | Arena points: 12 (+12) [x2]
   141 | D        | Round 2.
   173 | D        | Noticed an orc warrior
   175 | D        | Noticed an orc warrior
   182 | D        | Killed an orc warrior
   183 | D        | Reached skill level 8 in Maces & Flails
   183 | D        | Reached XP level 4. HP: 6/41 MP: 3/3
   186 | D        | Slain by an orc warrior

Illustrated notes

Levels and vault maps discovered:
D:        arena_sprint

Skill      XL: |  1  2  3 |
---------------+----------+-----
Maces & Flails | 4 5 8 |  8.3
Dodging        | 4 5 6 |  6.7
Fighting       | 3 4 |  4.9
Throwing       | 3 |  3.9
Armour         | 2 |  2.0
Stealth        | |  0.6

Action                     |  1- 3 |  4- 6 || total
---------------------------+-------+-------++-------
  Melee: Flail             |    19 |     2 ||    21
         Headbutt          |       |     1 ||     1
  Throw: Throwing net      |     3 |       ||     3
    Use: Potion            |     2 |       ||     2
   Stab: Held in net/web   |     1 |       ||     1
 Armour: Leather armour    |     5 |       ||     5
  Dodge: Dodged            |    11 |       ||    11

Table legend: (Time is in decaauts)
 A = Elapsed time spent in this place.
 B = Non-inter-level travel time spent in this place.
 C = Inter-level travel time spent in this place.
 D = Time resting spent in this place.
 E = Time spent auto-exploring this place.
 F = Levels seen in this place.
 G = Mean time per level.
                   A        B        C        D        E       F      G
               +--------+--------+--------+--------+--------+-----+--------+
         Total |    186 |    186 |      0 |     18 |      0 |   1 |  186.0 |
       Dungeon |    186 |    186 |      0 |     18 |      0 |   1 |  186.0 |
               +--------+--------+--------+--------+--------+-----+--------+

Top non-repeatable levels by time:
       D: 186 daAuts
